 Dungeon Crawl Stone Soup version 0.24.0-1-gfbc8707122 (webtiles) character file.

Game seed: 2010259581451594950, levelgen mode: deterministic

7 Gildeon the Caller (level 2, 0/19 HPs)
             Began as a Barachi Summoner on Oct 25, 2019.
             Slain by a leopard gecko (1 damage)
             ... on level 1 of the Dungeon on Oct 26, 2019.
             The game lasted 00:02:09 (318 turns).

Gildeon the Caller (Barachi Summoner)                Turns: 318, Time: 00:02:10

Health: 0/19       AC:  2    Str:  9    XL:     2   Next: 0%
Magic:  1/5        EV: 12    Int: 15    God:
Gold:   0          SH:  0    Dex: 12    Spells: 4/5 levels left

rFire    . . .     SeeInvis .   d - +0 spear
rCold    . . .     Gourm    .   (no shield)
rNeg     . . .     Faith    .   a - +0 robe
rPois    .         Spirit   .   (no helmet)
rElec    .         Reflect  .   (no cloak)
rCorr    .         Harm     .   (no gloves)
MR       .....                  (no boots)
Stlth    ++........             (no amulet)
HPRegen  0.06/turn              (no ring)
MPRegen  0.09/turn              (no ring)

@: slow
A: +LOS, swims, slowness 1, strong legs 1
a: Hop


You were on level 1 of the Dungeon.
You were not hungry.

You visited 1 branch of the dungeon, and saw 1 of its levels.

Inventory:

Hand Weapons
 d - a +0 spear (weapon)
Missiles
 b - 14 poisoned darts (quivered)
Armour
 a - a +0 robe (worn)
Scrolls
 e - a scroll of enchant weapon {unknown}
 g - a scroll of identify {unknown}
Potions
 f - a potion of heal wounds {unknown}
Comestibles
 c - a ration


   Skills:
 + Level 2.4 Dodging
 - Level 1.7 Stealth
 + Level 2.4 Spellcasting
 - Level 5.0 Summonings


You had 4 spell levels left.
You knew the following spells:

 Your Spells              Type           Power        Failure   Level  Hunger
a - Summon Small Mammal   Summ           ###.         2%          1    #......

Your spell library contained the following spells:

 Spells                   Type           Power        Failure   Level  Hunger
 Call Imp                 Summ           ###.....     4%          2    ###....
 Call Canine Familiar     Summ           ###.....     9%          3    ###....
 Summon Guardian Golem    Hex/Summ       #.......     22%         3    ###....
 Summon Ice Beast         Ice/Summ       #.......     58%         4    #####..
 Summon Lightning Spire   Summ/Air       #.......     58%         4    #####..


Dungeon Overview and Level Annotations

Branches:
Dungeon (1/15)

Altars:


Innate Abilities, Weirdness & Mutations

Shadows flee at your approach. (+LOS)
You can swim through water.
You cover ground slowly.
You can hop short distances.


Message History

Your bat barely misses the kobold.
The kobold barely misses you.
Your bat hits the kobold but does no damage.
Your bat hits the leopard gecko.
Your bat barely misses the leopard gecko.
Your bat completely misses the leopard gecko.
The leopard gecko completely misses your bat.
You see here a +0 dagger.
You closely miss the kobold.
The kobold is moderately wounded.
Your bat closely misses the kobold.
Your bat hits the kobold. The kobold closely misses you.
You hit the kobold.
You kill the kobold!
Training target 5.0 for Summonings reached!
Your Summonings skill increases to level 5!
You have reached level 2!
Your bat hits the leopard gecko but does no damage.
Your bat completely misses the leopard gecko.
The leopard gecko misses your bat. The leopard gecko bites you.
You die...

... # #.#..........#
#..#.#............#
..#.#...............
...+...............
#.#....##.........
#......##..#####.. ##
#......##..#!?)#..
.....#.lb...##..#?$!#..
........@...# ..#$$?#.
.....b.....)# .#####
...#........(... .[
#........##... .
+........# ##
#.....#### #.....#
#.....# #.....#


You could see a leopard gecko and 2 friendly bats.

Vanquished Creatures
  2 leopard geckos (D:1)
  A goblin (D:1)
  A kobold (D:1)
4 creatures vanquished.

Vanquished Creatures (collateral kills)
  A goblin (D:1)
  A kobold (D:1)
2 creatures vanquished.

Grand Total: 6 creatures vanquished

Notes
Turn   | Place    | Note
-------+----------+-------------------------------------------
     0 | D:1      | Gildeon the Barachi Summoner began the quest for the Orb.
     0 | D:1      | Reached XP level 1. HP: 13/13 MP: 3/3
   301 | D:1      | Upgraded the game from 0.24.0 to 0.24.0-1-gfbc8707122
   318 | D:1      | Reached skill level 5 in Summonings
   318 | D:1      | Reached XP level 2. HP: 1/19 MP: 1/5
   318 | D:1      | Slain by a leopard gecko

Levels and vault maps discovered:
D:1:      dpeg_arrival_signposts, layout_basic, due_unseen_surprise

Skill      XL: |  1 |
---------------+----+-----
Summonings     | 5 |  5.0
Dodging        | |  2.4
Stealth        | |  1.7
Spellcasting   | |  2.4

Action                   || total
-------------------------++-------
Melee: Spear             ||     9
 Cast: Summon Small Mamm ||    10
 Stab: Distracted        ||     1
Armor: Robe              ||     1
Dodge: Dodged            ||     9
